[Event "Titled Tuesday Blitz December 27 Late 2022"]
[White "Harish, Neeraj"]
[Black "Bas Mas, Jose Joaquin"]
[WhiteFideId "30958130"]
[BlackFideId "22219064"]
[WhiteElo "2232"]
[BlackElo "2197"]
[Result "0-1"]
[Round "05"]
[TimeControl "180+2"]
[Date "2022.12.27"]
[WhiteClock "0:00:01"]
[BlackClock "0:00:52"]

1. e4 c5 2. Nf3 d6 3. d4 cxd4 4. Nxd4 Nf6 5. Nc3 Nc6 6. Bg5 e6 7. Qd3 a6 8. Nxc6 bxc6 9. O-O-O h6 10. Bxf6 gxf6 11. f4 Be7 12. Be2 Rb8 13. Qf3 Qb6 14. b3 Qa5 15. Kb2 Bd7 16. f5 e5 17. Bc4 Qc5 18. Ka1 h5 19. h4 Bd8 20. Na4 Qb4 21. Qc3 Qxc3+ 22. Nxc3 Ke7 23. Bxa6 Bb6 24. Kb2 Rhg8 25. Rd2 Bd4 26. Bc4 Rg4 27. Re2 Rg3 28. Bd3 Rbg8 29. a4 c5 30. a5 c4 31. bxc4 Rb8+ 0-1


[Site "https://www.chess.com"]

[Event "Titled Tuesday Blitz December 27 Late 2022"]
[White "Jones, Gawain C B"]
[Black "Adewumi, Tanitoluwa"]
[WhiteFideId "409561"]
[BlackFideId "30966396"]
[WhiteElo "2618"]
[BlackElo "2283"]
[Result "1-0"]
[Round "05"]
[TimeControl "180+2"]
[Date "2022.12.27"]
[WhiteClock "0:02:09"]
[BlackClock "0:00:03"]

1. e4 c5 2. c3 e6 3. d4 Nf6 4. e5 Nd5 5. c4 Ne7 6. d5 d6 7. exd6 Qxd6 8. Nc3 exd5 9. cxd5 Bf5 10. Nb5 Qe5+ 11. Be3 a6 12. Nf3 Qxb2 13. Nc7+ Kd7 14. Nxa8 Ng6 15. Be2 Bd6 16. O-O Re8 17. Bd3 Bxd3 18. Qxd3 c4 19. Qf5+ Kd8 20. Qxf7 1-0


[Site "https://www.chess.com"]

[Event "Titled Tuesday Blitz December 27 Late 2022"]
[White "Joubert, Dantelle"]
[Black "Yano, William Jorge Froes"]
[WhiteFideId "14310813"]
[BlackFideId "2112949"]
[WhiteElo "1566"]
[BlackElo "2045"]
[Result "0-1"]
[Round "05"]
[TimeControl "180+2"]
[Date "2022.12.27"]
[WhiteClock "0:00:49"]
[BlackClock "0:01:41"]

1. d4 Nf6 2. c4 c5 3. d5 b5 4. cxb5 a6 5. bxa6 g6 6. Nc3 Bxa6 7. e4 Bxf1 8. Kxf1 d6 9. g3 Bg7 10. Kg2 O-O 11. Nf3 Ne8 12. Re1 Nd7 13. a4 Nc7 14. Qc2 Ra6 15. Bg5 f6 16. Bd2 Qa8 17. Ra3 Rb8 18. b3 Bf8 19. h4 f5 20. exf5 Nxd5 21. fxg6 N7f6 22. gxh7+ Kh8 23. Ng5 Nf4+ 0-1


[Site "https://www.chess.com"]

[Event "Titled Tuesday Blitz December 27 Late 2022"]
[White "Kaganskiy, Gleb"]
[Black "Bochnicka, Vladimir"]
[WhiteFideId "4132025"]
[BlackFideId "14943450"]
[WhiteElo "2205"]
[BlackElo "2327"]
[Result "1-0"]
[Round "05"]
[TimeControl "180+2"]
[Date "2022.12.27"]
[WhiteClock "0:00:46"]
[BlackClock "0:00:01"]

1. e4 c5 2. Nf3 Nc6 3. Bb5 e6 4. O-O Nge7 5. d4 cxd4 6. Nxd4 a6 7. Be2 Ng6 8. c4 Be7 9. Nc3 O-O 10. Be3 Qc7 11. Nb3 b6 12. Qd2 Rb8 13. Rac1 Bb7 14. a3 Rfd8 15. f4 d6 16. Nd5 exd5 17. cxd5 Qd7 18. dxc6 Bxc6 19. Bd3 Qb7 20. Rxc6 Qxc6 21. Nd4 Qd7 22. Bxa6 d5 23. e5 Bc5 24. Bb5 Qc7 25. Nc6 Bxe3+ 26. Qxe3 Rbc8 27. Nxd8 Qxd8 28. f5 d4 29. Qe4 Ne7 30. f6 Ng6 31. fxg7 Kxg7 32. e6 f6 33. h4 1-0


[Site "https://www.chess.com"]

[Event "Titled Tuesday Blitz December 27 Late 2022"]
[White "Kazakouski, Valery"]
[Black "Oparin, Grigoriy"]
[WhiteFideId "13507443"]
[BlackFideId "24125890"]
[WhiteElo "2539"]
[BlackElo "2667"]
[Result "0-1"]
[Round "05"]
[TimeControl "180+2"]
[Date "2022.12.27"]
[WhiteClock "0:00:02"]
[BlackClock "0:00:10"]

1. Nf3 Nf6 2. c4 e6 3. g3 d5 4. b3 d4 5. e3 c5 6. exd4 cxd4 7. Bg2 Nc6 8. O-O Bd6 9. d3 h6 10. Ba3 O-O 11. Re1 Re8 12. Bxd6 Qxd6 13. a3 a5 14. Nbd2 e5 15. Qc2 Bf5 16. c5 Qc7 17. Nc4 Bh7 18. Nfd2 Re7 19. Rab1 Rd8 20. b4 axb4 21. axb4 Nd5 22. Bxd5 Rxd5 23. Qb3 Rd8 24. Ra1 Bf5 25. Ne4 Be6 26. b5 Na5 27. Rxa5 Bxc4 28. Qa3 Bd5 29. Ra7 Qc8 30. c6 Rc7 31. cxb7 Rxb7 32. Rxb7 Qxb7 33. Qa6 Qd7 34. b6 Ra8 35. b7 Bxb7 36. Qd6 Qe8 37. Nc5 Bc6 38. f4 Rd8 39. Qxe5 Qf8 40. Rc1 Ba8 41. Qe2 Qd6 42. Ne4 Qd5 0-1


[Site "https://www.chess.com"]

[Event "Titled Tuesday Blitz December 27 Late 2022"]
[White "Kleinman, Michael"]
[Black "Rengifo Blancas, Renzo Jhonathan"]
[WhiteFideId "2609479"]
[BlackFideId "3807185"]
[WhiteElo "2387"]
[BlackElo "2131"]
[Result "0-1"]
[Round "05"]
[TimeControl "180+2"]
[Date "2022.12.27"]
[WhiteClock "0:00:08"]
[BlackClock "0:00:02"]

1. c4 e6 2. g3 Nf6 3. Bg2 d5 4. Nf3 Be7 5. O-O O-O 6. d4 c5 7. cxd5 exd5 8. Nc3 Nc6 9. Bg5 Be6 10. dxc5 Bxc5 11. Rc1 Be7 12. Nd4 h6 13. Bf4 Rc8 14. Nxe6 fxe6 15. Bh3 Qd7 16. Re1 g5 17. Bd2 Bb4 18. e4 d4 19. Nd5 Bxd2 20. Qxd2 Ne5 21. Nxf6+ Rxf6 22. Rxc8+ Qxc8 23. Bg2 Qc4 24. Rc1 Qd3 25. Qb4 Rf7 26. Qd6 Qd2 27. Rf1 Ng6 28. Qe5 Nxe5 29. f4 Nd3 0-1


[Site "https://www.chess.com"]

[Event "Titled Tuesday Blitz December 27 Late 2022"]
[White "Kravtsiv, Martyn"]
[Black "Sourath Biswas"]
[WhiteFideId "14113147"]
[BlackFideId "35091484"]
[WhiteElo "2598"]
[BlackElo "2281"]
[Result "1-0"]
[Round "05"]
[TimeControl "180+2"]
[Date "2022.12.27"]
[WhiteClock "0:00:26"]
[BlackClock "0:00:14"]

1. e4 c6 2. Nf3 d5 3. d3 dxe4 4. dxe4 Qxd1+ 5. Kxd1 Nf6 6. Nbd2 Bg4 7. c3 Nbd7 8. h3 Bxf3+ 9. gxf3 e5 10. Bd3 Bc5 11. Ke2 Nh5 12. Nb3 Bb6 13. a4 a5 14. Rg1 f6 15. Be3 Nf4+ 16. Bxf4 exf4 17. Rxg7 O-O-O 18. Rag1 Ne5 19. Bc2 Nc4 20. Rf7 Rhg8 21. Rxg8 Rxg8 22. Rxf6 Nxb2 23. Nd4 Rg1 24. Rxf4 Rc1 25. Rf8+ Kd7 26. Rf7+ Kc8 27. e5 Kd8 28. Bf5 Rxc3 29. Ne6+ Ke8 30. Rxb7 Nc4 31. Bxh7 Nxe5 32. Rxb6 Rxf3 33. Rb7 Rxh3 34. Be4 Ra3 35. Nc5 Rc3 36. Nd3 Nc4 37. Bxc6+ Kd8 38. Bd5 Nd6 39. Rb2 Ra3 40. Ra2 Rc3 41. f4 Nf5 42. Kd2 Rc5 43. Be4 1-0


[Site "https://www.chess.com"]

[Event "Titled Tuesday Blitz December 27 Late 2022"]
[White "Kretchetov, Alexandre"]
[Black "Paspuel, Trosky"]
[WhiteFideId "4124588"]
[BlackFideId "3602150"]
[WhiteElo "2195"]
[BlackElo "1721"]
[Result "1-0"]
[Round "05"]
[TimeControl "180+2"]
[Date "2022.12.27"]
[WhiteClock "0:00:34"]
[BlackClock "0:00:01"]

1. d4 Nf6 2. c4 e6 3. Nc3 Bb4 4. Qc2 O-O 5. Nf3 d6 6. Bd2 c5 7. a3 Ba5 8. e3 a6 9. Bd3 cxd4 10. exd4 d5 11. c5 Nc6 12. b4 Bc7 13. Ne2 e5 14. dxe5 Nxe5 15. Nxe5 Bxe5 16. Rd1 Re8 17. h3 Ne4 18. Bxe4 dxe4 19. Bc3 Qf6 20. O-O Bf5 21. Bxe5 Qxe5 22. Qc3 Qe7 23. Rd6 Rad8 24. Rfd1 Bg6 25. Qd4 Rxd6 26. Qxd6 Qg5 27. Qf4 Qe7 28. Rd6 h6 29. Qe3 Qe5 30. Qd4 Qg5 31. Qe3 Qe5 32. Nf4 Bf5 33. Rd5 Qa1+ 34. Kh2 Be6 35. Rd6 Bf5 36. Qd4 Qxd4 37. Rxd4 e3 38. fxe3 Rxe3 39. Nd5 Rxa3 40. Ne7+ Kh7 41. Nxf5 Rb3 42. Nd6 Rxh3+ 43. Kxh3 1-0


[Site "https://www.chess.com"]

[Event "Titled Tuesday Blitz December 27 Late 2022"]
[White "Ladan, Nicholas"]
[Black "Martinez Ramirez, Lennis"]
[WhiteFideId "30918855"]
[BlackFideId "3509079"]
[WhiteElo "2228"]
[BlackElo "2426"]
[Result "0-1"]
[Round "05"]
[TimeControl "180+2"]
[Date "2022.12.27"]
[WhiteClock "0:00:03"]
[BlackClock "0:01:06"]

1. d4 d5 2. c4 c6 3. Nf3 Nf6 4. Nbd2 g6 5. g3 Bg7 6. Bg2 O-O 7. O-O e6 8. Re1 Nbd7 9. b3 b5 10. a4 bxc4 11. bxc4 a5 12. Ba3 Re8 13. e4 Ba6 14. e5 Ng4 15. Bd6 Nh6 16. c5 Nf5 17. Rb1 Nxd6 18. cxd6 c5 19. dxc5 Nxc5 20. Bf1 Qd7 21. Bb5 Bxb5 22. Rxb5 Rec8 23. Qb1 Nxa4 24. Rb7 Qd8 25. h4 Nc5 26. Rb5 Rcb8 27. Rc1 Nd7 28. Rc7 Nxe5 29. Nxe5 Bxe5 30. Rbb7 Qf8 31. Qb6 Bxd6 32. Rxf7 Qxf7 0-1


[Site "https://www.chess.com"]

[Event "Titled Tuesday Blitz December 27 Late 2022"]
[White "Lenderman, Aleksandr"]
[Black "Kozin, Yuri"]
[WhiteFideId "2021285"]
[BlackFideId "4129920"]
[WhiteElo "2572"]
[BlackElo "2251"]
[Result "1-0"]
[Round "05"]
[TimeControl "180+2"]
[Date "2022.12.27"]
[WhiteClock "0:01:33"]
[BlackClock "0:00:19"]

1. Nf3 c5 2. c4 Nf6 3. Nc3 e6 4. g3 a6 5. Bg2 Be7 6. O-O O-O 7. d4 cxd4 8. Nxd4 Qc7 9. Bf4 d6 10. Nb3 Nbd7 11. Rc1 Nc5 12. Nxc5 Qxc5 13. Na4 Qa5 14. a3 Bd7 15. Nc3 Bc6 16. Bxc6 bxc6 17. Bxd6 Rfd8 18. c5 Ne8 19. Ne4 f5 20. Nd2 Bxd6 21. cxd6 Rxd6 22. Nc4 Rxd1 23. Nxa5 Rxf1+ 24. Kxf1 Rd8 25. Ke1 Nf6 26. Rxc6 Kf7 27. Rxa6 Rb8 28. b4 Ne4 29. Nc6 Rb5 30. Nd8+ Ke7 31. Nxe6 Rd5 32. Nf4 Rd4 33. f3 Nc3 34. Rc6 Rd1+ 35. Kf2 Nb5 36. a4 Nd4 37. Rc4 g5 38. Nd3 Nb3 39. a5 Ra1 40. Rc7+ Kf6 41. Rxh7 Ra2 42. Ke3 Ra4 43. Rh6+ Kg7 44. Rc6 Ra2 45. Rc3 Na1 46. h4 Nc2+ 47. Rxc2 Rxc2 48. hxg5 Kg6 49. f4 Ra2 50. Kd4 Rxe2 51. a6 Ra2 52. b5 Kh5 53. Kc5 Kg4 54. g6 Ra3 55. g7 1-0


[Site "https://www.chess.com"]

[Event "Titled Tuesday Blitz December 27 Late 2022"]
[White "Liu, Casper"]
[Black "Adla, Diego"]
[WhiteFideId "1454153"]
[BlackFideId "100072"]
[WhiteElo "2278"]
[BlackElo "2383"]
[Result "0-1"]
[Round "05"]
[TimeControl "180+2"]
[Date "2022.12.27"]
[WhiteClock "0:01:37"]
[BlackClock "0:02:06"]

1. b3 e5 2. Bb2 d6 3. g3 Nf6 4. Bg2 g6 5. c4 Bg7 6. Nf3 O-O 7. O-O Qe7 8. d3 c6 9. Nc3 Nbd7 10. Rc1 Nc5 11. b4 Ne6 12. Qb3 a6 13. Rfd1 h5 14. d4 exd4 15. Nxd4 Nxd4 16. Rxd4 Be6 17. Rcd1 Rad8 18. R4d2 b5 19. a4 Bxc4 20. Qc2 d5 21. axb5 axb5 22. e3 Qxb4 23. e4 Bb3 24. Qc1 Bxd1 25. Ba3 Qc4 26. Bf1 Qb3 27. Bxf8 Rxf8 28. Rxd1 Nxe4 29. Nxe4 dxe4 30. Qxc6 Qxd1 0-1


[Site "https://www.chess.com"]

[Event "Titled Tuesday Blitz December 27 Late 2022"]
[White "Lorenzo De La Riva, Lazaro"]
[Black "Mendez Fortes, Eduardo Jesus"]
[WhiteFideId "2268809"]
[BlackFideId "3502376"]
[WhiteElo "2404"]
[BlackElo "2250"]
[Result "1/2-1/2"]
[Round "05"]
[TimeControl "180+2"]
[Date "2022.12.27"]
[WhiteClock "0:00:28"]
[BlackClock "0:00:36"]

1. Nf3 d5 2. g3 Nf6 3. Bg2 e6 4. O-O Be7 5. c4 O-O 6. b3 d4 7. e3 c5 8. exd4 cxd4 9. d3 Nc6 10. Re1 Re8 11. Ne5 Nxe5 12. Rxe5 Nd7 13. Re1 e5 14. Nd2 a5 15. a3 Bf8 16. Ne4 Ra7 17. g4 b6 18. Ng3 Nc5 19. Rb1 Bd7 20. b4 Na4 21. Bd2 Nc3 22. Bxc3 dxc3 23. h3 axb4 24. axb4 Ra2 25. Re2 c2 26. Rxc2 Ba4 27. Rxa2 Bxd1 28. Rxd1 Bxb4 29. Bd5 Bc5 30. Ne4 Bd4 31. Ra7 Rf8 32. Rb7 h5 33. Kg2 b5 34. Rxb5 Kh8 35. Rdb1 f5 36. gxf5 Kh7 37. Rb8 Qxb8 38. Rxb8 Rxb8 39. f6 gxf6 40. Nxf6+ Kg6 41. Ne4 Rc8 42. Kf3 Rc7 43. Kg2 h4 44. Be6 Rg7 45. Bg4 Ra7 46. Be2 Kf5 47. Kf3 Ra1 48. Nd6+ Ke6 49. Ne4 Re1 50. Ng5+ Kf5 51. Ne4 Kg6 52. Nd6 Rg1 53. Ne4 Kf5 54. Nd6+ Ke6 55. Ne4 Rg7 56. Nd2 Rf7+ 57. Ke4 Rxf2 58. Bg4+ Kd6 59. Nf3 Re2+ 60. Kf5 Re3 61. Nxh4 Rxd3 62. Nf3 Re3 63. h4 Bc3 64. Ng5 Ba1 65. Ne4+ Ke7 66. h5 Re1 67. h6 Rh1 68. Kg6 Kf8 69. Bh5 Kg8 70. h7+ Kh8 71. Ng5 Rg1 72. Kh6 Rxg5 73. Kxg5 Kxh7 74. Kf5 Bd4 75. Bf3 Kg7 76. Bd5 Kf8 77. Be4 Ke7 78. Bd5 Kd6 79. Bg8 Kc5 80. Be6 Kb4 81. Ke4 Kc5 82. Bd5 Bb2 83. Bg8 Kd6 84. Bd5 Ba3 85. Bg8 Bc5 86. Bd5 Kc7 87. Bg8 Bd6 88. Bd5 Kb6 89. Bg8 Kc5 90. Bd5 Bc7 91. Bg8 Kb4 92. Bd5 Kc3 93. Bg8 Kd2 94. Bd5 Kc3 95. c5 Kb4 96. c6 Kc5 97. Bf7 Kxc6 98. Bg6 Kc5 99. Bf5 Bd6 100. Bg6 Kc6 101. Bf5 Kc7 102. Bg6 Kd8 103. Bf5 Ke7 104. Bh7 Kf6 105. Bg8 Bb8 106. Bd5 Kg5 107. Bc6 Kf6 108. Bd5 Ke7 109. Ba8 Kd6 110. Bd5 Kc5 111. Ba8 Kb6 1/2-1/2


[Site "https://www.chess.com"]

[Event "Titled Tuesday Blitz December 27 Late 2022"]
[White "Lutz, Igor Oscar"]
[Black "Ai, Evan"]
[WhiteFideId "2110806"]
[BlackFideId "2094770"]
[WhiteElo "1969"]
[BlackElo "2055"]
[Result "0-1"]
[Round "05"]
[TimeControl "180+2"]
[Date "2022.12.27"]
[WhiteClock "0:00:16"]
[BlackClock "0:00:07"]

1. d4 Nf6 2. c4 e6 3. g3 d5 4. Bg2 c6 5. Nf3 Bb4+ 6. Bd2 Bxd2+ 7. Nbxd2 Nbd7 8. O-O O-O 9. Qc2 dxc4 10. Qxc4 Nb6 11. Qc2 Qe7 12. e4 Rd8 13. e5 Nfd5 14. Ne4 Bd7 15. Neg5 g6 16. Ne4 f5 17. exf6 Nxf6 18. Nc5 Bc8 19. Rfe1 Nbd5 20. Ng5 Rd6 21. Bh3 Nc7 22. Qc4 Nfd5 23. Nge4 Rd8 24. Rad1 b6 25. Nd3 Ba6 26. Qc2 Qg7 27. Ne5 Nb4 28. Qb1 c5 29. a3 Nbd5 30. Nc6 cxd4 31. Nxd8 Rxd8 32. Ng5 e5 33. Ne6 Nxe6 34. Bxe6+ Kh8 35. Qe4 Bb7 36. Qxe5 Ne7 37. Qxg7+ Kxg7 38. Bc4 Nf5 39. Re5 Kf6 40. g4 Kxe5 41. gxf5 Kxf5 42. Bd3+ Be4 43. Bxe4+ Kxe4 44. Kf1 Kf3 45. Rd3+ Ke4 46. Rb3 d3 47. Ke1 Rc8 48. Kd2 Rc2+ 49. Kd1 Rxf2 50. Rb4+ Ke3 51. Rb5 Rf1# 0-1


[Site "https://www.chess.com"]

[Event "Titled Tuesday Blitz December 27 Late 2022"]
[White "Makarian, Rudik"]
[Black "Vega Gutierrez, Sabrina"]
[WhiteFideId "44105681"]
[BlackFideId "2219026"]
[WhiteElo "2545"]
[BlackElo "2377"]
[Result "1-0"]
[Round "05"]
[TimeControl "180+2"]
[Date "2022.12.27"]
[WhiteClock "0:02:35"]
[BlackClock "0:01:41"]

1. d4 d5 2. Nf3 e6 3. Bf4 Bd6 4. e3 c5 5. c3 Nc6 6. Nbd2 Bxf4 7. exf4 cxd4 8. cxd4 Nge7 9. Bd3 O-O 10. O-O g6 11. Qe2 Qc7 12. g3 Qb6 13. Nb3 Nb4 14. Rac1 Bd7 15. Nc5 Nxd3 16. Nxd7 Nxc1 17. Rxc1 Rfc8 18. Rxc8+ Rxc8 19. Nxb6 axb6 20. h4 1-0


[Site "https://www.chess.com"]

[Event "Titled Tuesday Blitz December 27 Late 2022"]
[White "Marjanovic, Annamaria"]
[Black "Torres Dominguez, David"]
[WhiteFideId "750930"]
[BlackFideId "2220857"]
[WhiteElo "2273"]
[BlackElo "1994"]
[Result "1-0"]
[Round "05"]
[TimeControl "180+2"]
[Date "2022.12.27"]
[WhiteClock "0:00:38"]
[BlackClock "0:00:15"]

1. c4 e5 2. g3 Nc6 3. Bg2 f5 4. Nc3 Nf6 5. d3 Bb4 6. e4 Bxc3+ 7. bxc3 fxe4 8. dxe4 d6 9. Ne2 O-O 10. O-O Be6 11. Qd3 b6 12. Bg5 Na5 13. c5 Bc4 14. Qc2 dxc5 15. Rad1 Qe8 16. f4 h6 17. fxe5 Qxe5 18. Rf5 Qe7 19. Bxf6 Rxf6 20. Rxf6 Qxf6 21. e5 Qxe5 22. Bxa8 Bxe2 23. Rd8+ Kf7 24. Qe4 Qxe4 25. Bxe4 Ke7 26. Ra8 Nc4 27. Rxa7 Kd6 28. Ra8 Nd2 29. Rd8+ Ke5 30. Rxd2 1-0


[Site "https://www.chess.com"]

[Event "Titled Tuesday Blitz December 27 Late 2022"]
[White "Martinez Alcantara, Jose Eduardo"]
[Black "Gorodetzky, David"]
[WhiteFideId "3805662"]
[BlackFideId "2813416"]
[WhiteElo "2619"]
[BlackElo "2485"]
[Result "1-0"]
[Round "05"]
[TimeControl "180+2"]
[Date "2022.12.27"]
[WhiteClock "0:00:45"]
[BlackClock "0:00:29"]

1. e4 e5 2. Nf3 Nc6 3. Bb5 Nge7 4. c3 a6 5. Ba4 g6 6. d4 b5 7. Bb3 exd4 8. cxd4 Bg7 9. O-O d5 10. exd5 Nb4 11. Nc3 Nbxd5 12. Bg5 f6 13. Nxd5 Nxd5 14. Re1+ Kf8 15. Bh4 Bb7 16. Rc1 Qd7 17. Bg3 c6 18. Nd2 Kf7 19. Ne4 Bf8 20. Qf3 Be7 21. Be5 Qf5 22. Bxd5+ cxd5 23. Nd6+ Bxd6 24. Bxd6 Rhe8 25. Qxf5 gxf5 26. Rc7+ Kg6 27. Rec1 Rac8 28. h4 Re6 29. Bf4 Rc6 30. R1xc6 1-0


[Site "https://www.chess.com"]

[Event "Titled Tuesday Blitz December 27 Late 2022"]
[White "Mekhitarian, Krikor Sevag"]
[Black "Martinez Reyes, Pedro Ramon"]
[WhiteFideId "2107660"]
[BlackFideId "3901807"]
[WhiteElo "2537"]
[BlackElo "2376"]
[Result "1-0"]
[Round "05"]
[TimeControl "180+2"]
[Date "2022.12.27"]
[WhiteClock "0:01:02"]
[BlackClock "0:01:11"]

1. Nf3 f5 2. d3 Nc6 3. d4 e6 4. c4 Nf6 5. a3 d5 6. Nc3 Be7 7. Bf4 a6 8. e3 O-O 9. Rc1 Na5 10. cxd5 exd5 11. Bd3 c6 12. Ne5 Ne4 13. f3 Nxc3 14. Rxc3 Bh4+ 15. g3 g5 16. gxh4 gxf4 17. Rg1+ Kh8 18. Qe2 fxe3 19. f4 Qxh4+ 20. Kd1 Be6 21. Qxe3 Rg8 22. Nf7+ 1-0


[Site "https://www.chess.com"]

[Event "Titled Tuesday Blitz December 27 Late 2022"]
[White "Mitrovic, Darko R"]
[Black "Mushini Ajay"]
[WhiteFideId "927023"]
[BlackFideId "35066188"]
[WhiteElo "2220"]
[BlackElo "2310"]
[Result "0-1"]
[Round "05"]
[TimeControl "180+2"]
[Date "2022.12.27"]
[WhiteClock "0:00:08"]
[BlackClock "0:01:03"]

1. d4 Nf6 2. Nf3 g6 3. g3 Bg7 4. Bg2 O-O 5. O-O d6 6. c4 Nbd7 7. Nc3 e5 8. d5 Nc5 9. b4 Nce4 10. Nxe4 Nxe4 11. Bb2 a5 12. a3 f5 13. Nd2 Nxd2 14. Qxd2 e4 15. Bxg7 Kxg7 16. bxa5 c5 17. dxc6 bxc6 18. Rfd1 Rf6 19. f3 exf3 20. Bxf3 Rxa5 21. Bxc6 Qb6+ 22. Kf1 Qxc6 23. Qxa5 Qh1+ 24. Kf2 Qxh2+ 25. Kf1 f4 26. Qc7+ Rf7 27. Qxc8 f3 0-1


[Site "https://www.chess.com"]

[Event "Titled Tuesday Blitz December 27 Late 2022"]
[White "Moskvin, Anatoly"]
[Black "reevecanada"]
[WhiteFideId "24199990"]
[WhiteElo "2189"]
[BlackElo "2430"]
[Result "1-0"]
[Round "05"]
[TimeControl "180+2"]
[Date "2022.12.27"]
[WhiteClock "0:00:23"]
[BlackClock "0:00:15"]

1. e4 c5 2. Nf3 d6 3. d4 cxd4 4. Nxd4 Nf6 5. f3 a6 6. c4 Nc6 7. Nc3 Nxd4 8. Qxd4 Qc7 9. Bg5 e5 10. Qd2 Be6 11. Rc1 h6 12. Bxf6 gxf6 13. Be2 h5 14. O-O Bh6 15. f4 exf4 16. Bf3 Bg4 17. Nd5 Qc5+ 18. Kh1 Bg5 19. b4 Qc6 20. h4 Bxh4 21. Qxf4 Rg8 22. c5 Bg5 23. Nxf6+ Kd8 24. Qh2 Bxf6 25. Bxg4 Be5 26. Qh4+ f6 27. Bh3 Ke7 28. cxd6+ Qxd6 29. Rfd1 Rad8 30. Rxd6 Rxd6 31. Qxh5 Kd8 32. Qf7 Rh8 33. Rc8# 1-0


[Site "https://www.chess.com"]

[Event "Titled Tuesday Blitz December 27 Late 2022"]
[White "Myers, Dominique"]
[Black "Senthil, Maran K"]
[WhiteFideId "2041715"]
[BlackFideId "25035681"]
[WhiteElo "2042"]
[BlackElo "2209"]
[Result "1-0"]
[Round "05"]
[TimeControl "180+2"]
[Date "2022.12.27"]
[WhiteClock "0:01:31"]
[BlackClock "0:00:03"]

1. e4 e6 2. Nc3 d5 3. Nf3 Nf6 4. e5 Nfd7 5. d4 c5 6. dxc5 Bxc5 7. Bd3 Nc6 8. Bf4 h6 9. h4 Be7 10. h5 a6 11. Rh3 b5 12. Rg3 Bf8 13. Qd2 Bb7 14. Ne2 Qc7 15. O-O-O Ncxe5 16. Kb1 Rc8 17. Ned4 Nc4 18. Bxc4 Qxc4 19. Ne5 Nxe5 20. Bxe5 f6 21. Rc3 Qb4 22. a3 Qe7 23. Rxc8+ Bxc8 24. Bg3 Bd7 25. Re1 e5 26. f4 e4 27. Nb3 Qf7 28. f5 Be7 29. Nd4 O-O 30. Bf4 Qxh5 31. g4 Qxg4 32. Qf2 Bc5 33. c3 Bxd4 34. cxd4 Qxf5 35. Qe3 g5 36. Bd6 Rc8 37. Rh1 Qg6 38. Bc5 f5 39. Qg3 f4 40. Qe1 e3+ 41. Ka2 Re8 42. Rh2 f3 43. Qh1 Kh7 44. Qxf3 Qf5 45. Qh5 Qg6 46. Qf3 Bf5 47. b3 Be4 48. Qg3 Qf7 49. Kb2 Bg6 50. Qxg5 e2 51. Qxh6+ Kg8 52. Qh8# 1-0


[Site "https://www.chess.com"]

[Event "Titled Tuesday Blitz December 27 Late 2022"]
[White "Novikova, Galina"]
[Black "Yurovskykh, Oleksandr"]
[WhiteFideId "4157095"]
[BlackFideId "14134020"]
[WhiteElo "2073"]
[BlackElo "2328"]
[Result "0-1"]
[Round "05"]
[TimeControl "180+2"]
[Date "2022.12.27"]
[WhiteClock "0:01:05"]
[BlackClock "0:00:46"]

1. e4 d5 2. exd5 Qxd5 3. Nf3 Bg4 4. Be2 Nc6 5. d4 O-O-O 6. Be3 e5 7. c4 Qa5+ 8. Bd2 Bb4 9. d5 Bxf3 10. Bxf3 Nd4 11. a3 Bxd2+ 12. Nxd2 Nf6 13. O-O Rhe8 14. b4 Qa6 15. b5 Qd6 16. a4 e4 17. Be2 e3 18. fxe3 Rxe3 19. Bg4+ Kb8 0-1


[Site "https://www.chess.com"]

[Event "Titled Tuesday Blitz December 27 Late 2022"]
[White "Oro, Faustino"]
[Black "Graif, William"]
[WhiteFideId "20000197"]
[BlackFideId "2609835"]
[WhiteElo "2269"]
[BlackElo "2304"]
[Result "0-1"]
[Round "05"]
[TimeControl "180+2"]
[Date "2022.12.27"]
[WhiteClock "0:00:02"]
[BlackClock "0:00:12"]

1. e4 e5 2. Nf3 Bc5 3. Nxe5 Nc6 4. Nxc6 dxc6 5. d3 Nf6 6. Be2 h5 7. c3 Ng4 8. d4 Qh4 9. g3 Qf6 10. f3 h4 11. Bf4 hxg3 12. Bxg3 Ne3 13. Qd2 Ng2+ 14. Kf2 Bh3 15. dxc5 Rd8 16. Qc1 Qe7 17. b4 f5 18. exf5 O-O 19. Na3 Rxf5 20. Re1 Qf6 21. Nc4 Nxe1 22. Qxe1 Bg4 23. Qh1 Rf8 24. Rf1 Bxf3 25. Bxf3 Rxf3+ 26. Ke2 Rxf1 27. Qe4 Qf7 28. Ne3 Qxa2+ 29. Kd3 Rd8+ 30. Nd5 Rxd5+ 31. Ke3 Qd2# 0-1


[Site "https://www.chess.com"]

[Event "Titled Tuesday Blitz December 27 Late 2022"]
[White "Orzech, Dominik"]
[Black "Sargsyan, Anna M."]
[WhiteFideId "1115065"]
[BlackFideId "13308130"]
[WhiteElo "2308"]
[BlackElo "2375"]
[Result "0-1"]
[Round "05"]
[TimeControl "180+2"]
[Date "2022.12.27"]
[WhiteClock "0:00:13"]
[BlackClock "0:00:10"]

1. d4 d5 2. Nf3 Nf6 3. c4 c6 4. Nc3 dxc4 5. e4 b5 6. e5 Nd5 7. a4 e6 8. axb5 Nxc3 9. bxc3 cxb5 10. Ng5 Bb7 11. Qg4 Be7 12. Be2 O-O 13. Bf3 Bxf3 14. Qxf3 Qd5 15. Qh5 Bxg5 16. Bxg5 Nc6 17. O-O Qe4 18. Ra6 b4 19. f3 Qd5 20. Re1 f5 21. exf6 gxf6 22. Rxc6 Qxc6 23. Qg4 fxg5 24. Qxg5+ Kh8 25. Qe5+ Kg8 26. Re4 bxc3 27. Rg4+ Kf7 28. Rg7+ Ke8 29. Qh5+ Kd8 30. Qg5+ Kc8 31. Qe7 Re8 32. Qa3 c2 33. h4 a5 34. Rxh7 c3 35. h5 a4 36. h6 Rb8 37. Kh2 Rb1 38. Re7 c1=Q 39. Rxe8+ Qxe8 40. Qc5+ Kd8 41. Qd6+ Qd7 42. Qf8+ Kc7 43. Qc5+ Qc6 44. Qe7+ Kb6 45. Qd8+ Qc7+ 46. Qxc7+ Kxc7 47. h7 Qh6+ 48. Kg3 Qxh7 0-1


[Site "https://www.chess.com"]

[Event "Titled Tuesday Blitz December 27 Late 2022"]
[White "Ozdemir, Serhan Berat"]
[Black "Yeritsyan, Hayk"]
[WhiteFideId "6374611"]
[BlackFideId "13307320"]
[WhiteElo "2223"]
[BlackElo "2241"]
[Result "1-0"]
[Round "05"]
[TimeControl "180+2"]
[Date "2022.12.27"]
[WhiteClock "0:01:42"]
[BlackClock "0:02:25"]

1. e4 c6 2. d4 d5 3. exd5 cxd5 4. c4 Nf6 5. Nc3 Nc6 6. Bg5 e6 7. Nf3 Be7 8. Bd3 dxc4 9. Bxc4 O-O 10. O-O a6 11. Be3 b5 12. Bb3 Nb4 13. Ne5 Bb7 14. Qe2 Nbd5 15. Rad1 Rc8 16. Bd2 Nxc3 17. bxc3 Qc7 18. Rfe1 Rfd8 19. Nxf7 Kxf7 20. Qxe6+ Ke8 21. Qf7+ Kd7 22. Rxe7+ 1-0


[Site "https://www.chess.com"]

[Event "Titled Tuesday Blitz December 27 Late 2022"]
[White "Papayan, Oleg"]
[Black "Goltseva, Ekaterina"]
[WhiteFideId "4193911"]
[BlackFideId "24173770"]
[WhiteElo "2253"]
[BlackElo "2283"]
[Result "1-0"]
[Round "05"]
[TimeControl "180+2"]
[Date "2022.12.27"]
[WhiteClock "0:00:06"]
[BlackClock "0:00:32"]

1. e4 c5 2. Nf3 e6 3. d4 cxd4 4. Nxd4 Nf6 5. Nc3 a6 6. e5 Ng8 7. g3 d6 8. exd6 Bxd6 9. Bg2 Ne7 10. O-O O-O 11. Be3 Nbc6 12. Nxc6 bxc6 13. Qe2 Qc7 14. Ne4 Be5 15. c3 a5 16. Rfd1 Ba6 17. Qc2 Nd5 18. Bc5 Rfd8 19. f4 Bf6 20. c4 Nb4 21. Nxf6+ gxf6 22. Qc3 f5 23. a3 Rxd1+ 24. Rxd1 Rd8 25. Rxd8+ Qxd8 26. axb4 Qd1+ 27. Kf2 axb4 28. Bxb4 Qb1 29. Bxc6 Qa2 30. Bb5 Bb7 31. c5 Bd5 32. c6 Qa7+ 33. Bc5 Qa1 34. c7 Bb7 35. Bd7 Qh1 36. c8=Q+ Bxc8 37. Bxc8 Qxh2+ 38. Kf1 Qh1+ 39. Bg1 Qh3+ 40. Kf2 Qh1 41. b4 Qe4 42. b5 h5 43. b6 h4 44. b7 h3 45. b8=Q Qg2+ 46. Ke3 Qxg3+ 47. Kd2 Qg2+ 48. Kd3 Qf3+ 49. Be3 Qe4+ 50. Kd2 Qg2+ 51. Kc1 Qf1+ 52. Kb2 Qe2+ 53. Bd2 Kh7 54. Bxe6 Qxe6 55. Qbh8+ Kg6 56. Qhg7+ Kh5 57. Qg5# 1-0


[Site "https://www.chess.com"]